 Dungeon Crawl Stone Soup version 0.21-a0-331-gfb491b4 (webtiles) character file.

593 Monsterracer the Insei (level 7, -1/62 HPs)
             Began as a Gnoll Transmuter on Oct 2, 2017.
             Was a Believer of Uskayaw.
             Slain by Grinder (2 damage)
             ... while paralysed by Grinder
             ... on level 5 of the Dungeon.
             The game lasted 00:10:26 (6003 turns).

Monsterracer the Insei (Gnoll Transmuter)           Turns: 6003, Time: 00:10:27

Health: -1/62      AC:  6    Str: 13    XL:     7   Next: 39%
Magic:  9/15       EV:  1    Int: 17    God:    Uskayaw [**....]
Gold:   248        SH:  0    Dex: 15    Spells: 6/17 levels left

rFire    x . .     SeeInvis .     - Unarmed
rCold    + + +     Gourm    .   (shield currently unavailable)
rNeg     . . .     Faith    .   (armour currently unavailable)
rPois    +         Spirit   .   (helmet currently unavailable)
rElec    .         Reflect  .   (cloak currently unavailable)
rCorr    +         Harm     .   (gloves currently unavailable)
MR       +....                  (boots currently unavailable)
Stlth    ++........             (no amulet)
HPRegen  0.20/turn              p - ring of resist corrosion
MPRegen  0.14/turn              e - ring of protection from magic

@: paralysed, ice-form
A: distributed training, strong nose
a: End Transformation, Stomp, Line Pass, Renounce Religion


You were on level 5 of the Dungeon.
You worshipped Uskayaw.
Uskayaw was noncommittal.
You were not hungry.
You were a creature of crystalline ice.
You visited 2 branches of the dungeon, and saw 6 of its levels.

You collected 248 gold pieces.

Inventory:

Hand Weapons
 g - a +2 war axe of electrocution
Missiles
 a - 90 arrows
Armour
 b - a +0 robe (melded)
 l - a scarf of spirit shield (melded)
 o - a +1 ring mail
Jewellery
 e - a ring of protection from magic (right front paw)
 p - a ring of resist corrosion (left front paw)
Wands
 q - a wand of iceblast (10/15)
Scrolls
 j - a scroll of remove curse
 m - 2 scrolls of fog
 n - a scroll of amnesia
 s - a scroll of teleportation
Potions
 c - 4 potions of brilliance
 h - a potion of ambrosia
 i - a potion of resistance {unknown}
 k - a potion of heal wounds {unknown}
 r - 2 potions of agility
 t - 3 potions of curing
 z - 3 potions of haste
Comestibles
 d - 3 bread rations
 f - 2 meat rations
 u - 2 royal jellies
 v - 3 fruits


   Skills:
 + Level 3.5 Fighting
 + Level 2.4 Short Blades
 + Level 2.4 Long Blades
 + Level 2.4 Axes
 + Level 2.4 Maces & Flails
 + Level 2.4 Polearms
 + Level 2.4 Staves
 + Level 2.4 Slings
 + Level 2.4 Bows
 + Level 2.4 Crossbows
 + Level 2.4 Throwing
 + Level 2.4 Armour
 + Level 5.2 Dodging
 + Level 2.4 Stealth
   Level 0.0 Stabbing
 + Level 2.4 Shields
   Level 0.0 Traps
 + Level 7.0 Unarmed Combat
 + Level 5.6 Spellcasting
 + Level 2.4 Conjurations
 + Level 2.4 Hexes
 + Level 2.4 Charms
 + Level 2.4 Summonings
 + Level 2.4 Necromancy
 + Level 2.4 Translocations
 + Level 5.2 Transmutations
 + Level 2.4 Fire Magic
 + Level 2.4 Ice Magic
 + Level 2.4 Air Magic
 + Level 2.4 Earth Magic
 + Level 2.4 Poison Magic
 + Level 2.4 Invocations
 + Level 2.4 Evocations


You had 6 spell levels left.
You knew the following spells:

 Your Spells              Type           Power        Failure   Level  Hunger
b - Sticks to Snakes      Tmut           ###.....     2%          2    #......
c - Ice Form              Ice/Tmut       ###.....     28%         4    ####...
d - Blade Hands           Tmut           ###.......   41%         5    ######.


Dungeon Overview and Level Annotations

Branches:
Dungeon (5/15)             Temple (1/1) D:5

Altars:
Ashenzari
Dithmenos
Elyvilon
Fedhas
Gozag
Kikubaaqudgha
Makhleb
Nemelex Xobeh
Qazlal
Sif Muna
Trog
Uskayaw
Vehumet
Wu Jian
Xom
Yredelemnul
Zin
The Shining One

Annotations:
D:5 Grinder


Innate Abilities, Weirdness & Mutations

Your experience applies equally to all skills.
((You have very sharp teeth.))
Your uncanny sense of smell can sniff out nearby items.
((Your flesh is cold resistant. (rC+)))


Message History

You hit Grinder.
Grinder is moderately wounded.
Grinder seems less confused.
The orc seems less confused. x2
The orc closely misses you. Grinder closely misses you.
You punch Grinder!
Grinder is severely wounded.
The orc hits you with a short sword.
* * * LOW HITPOINT WARNING * * *
The orc hits you but does no damage. Grinder gestures at you.
You suddenly lose the ability to move!
You can now pass through a line of other dancers.
The orc hits you with a short sword.
* * * LOW HITPOINT WARNING * * *
The orc hits you with a dagger.
* * * LOW HITPOINT WARNING * * *
Grinder hits you!
* * * LOW HITPOINT WARNING * * *
You writhe in agony.
* * * LOW HITPOINT WARNING * * *
The orc hits you with a short sword.
* * * LOW HITPOINT WARNING * * *
The orc hits you but does no damage. Grinder hits you!
* * * LOW HITPOINT WARNING * * *
You writhe in agony.
* * * LOW HITPOINT WARNING * * *
The orc hits you but does no damage. The orc hits you with a dagger.
* * * LOW HITPOINT WARNING * * *
Grinder hits you.
You die...

.# ## #.# .. . ....
##.###.#. ∆ .###
...#..... #
........# #. #
...../#.####...
............#
#.Yo...# #5o....#
#+# #))##### #.#
##.## #.#
###..###### #.#
#.........# #.#
#.........# #.# #
#.........# #.# #
#%........###'######


You could see Grinder and 2 orcs.

Vanquished Creatures
  A sky beast (D:3)
  A scorpion (D:4)
  2 bullfrog skeletons
  2 hounds
  2 orc priests (D:5)
  An iguana (D:4)
  Ijyb (D:5)
  An orc wizard (D:5)
  A hound skeleton (D:5)
  3 gnolls
  5 adders
  2 oozes (D:3)
  An adder skeleton (D:5)
  2 worms (D:3)
  3 dart slugs
  3 leopard geckos
  8 orcs
  2 ball pythons
  4 giant cockroaches
  6 hobgoblins
  13 jackals
  A quokka (D:3)
  3 bats
  4 frilled lizards
  7 goblins
  11 kobolds
  3 rats
93 creatures vanquished.

Notes
Turn   | Place    | Note
-------+----------+-------------------------------------------
     0 | D:1      | Monsterracer the Gnoll Transmuter began the quest for the Orb.
     0 | D:1      | Reached XP level 1. HP: 17/17 MP: 6/6
   284 | D:1      | Reached XP level 2. HP: 17/23 MP: 7/7
   292 | D:1      | Learned a level 2 spell: Sticks to Snakes
   748 | D:1      | Reached XP level 3. HP: 26/28 MP: 9/9
   875 | D:1      | Reached skill level 5 in Spellcasting
  1798 | D:2      | HP: 14/28 [adder (1)]
  2007 | D:2      | Found a faded altar of an unknown god.
  2187 | D:2      | Reached skill level 1 in Short Blades
  2187 | D:2      | Reached skill level 1 in Long Blades
  2187 | D:2      | Reached skill level 1 in Axes
  2187 | D:2      | Reached skill level 1 in Maces & Flails
  2187 | D:2      | Reached skill level 1 in Polearms
  2187 | D:2      | Reached skill level 1 in Staves
  2187 | D:2      | Reached skill level 1 in Slings
  2187 | D:2      | Reached skill level 1 in Bows
  2187 | D:2      | Reached skill level 1 in Crossbows
  2187 | D:2      | Reached skill level 1 in Throwing
  2187 | D:2      | Reached skill level 1 in Armour
  2187 | D:2      | Reached skill level 1 in Stealth
  2187 | D:2      | Reached skill level 1 in Shields
  2187 | D:2      | Reached skill level 1 in Conjurations
  2187 | D:2      | Reached skill level 1 in Hexes
  2187 | D:2      | Reached skill level 1 in Charms
  2187 | D:2      | Reached skill level 1 in Summonings
  2187 | D:2      | Reached skill level 1 in Necromancy
  2187 | D:2      | Reached skill level 1 in Translocations
  2187 | D:2      | Reached skill level 1 in Fire Magic
  2187 | D:2      | Reached skill level 1 in Ice Magic
  2187 | D:2      | Reached skill level 1 in Air Magic
  2187 | D:2      | Reached skill level 1 in Earth Magic
  2187 | D:2      | Reached skill level 1 in Poison Magic
  2187 | D:2      | Reached skill level 1 in Invocations
  2187 | D:2      | Reached skill level 1 in Evocations
  2230 | D:2      | Reached XP level 4. HP: 31/34 MP: 11/11
  2279 | D:1      | Learned a level 4 spell: Ice Form
  2371 | D:2      | HP: 17/34 [gnoll/spear of flaming (9)]
  2853 | D:3      | HP: 17/34 [poisoned by an adder]
  2861 | D:3      | HP: 16/34 [poisoned by an adder]
  3091 | D:3      | Reached XP level 5. HP: 39/40 MP: 12/12
  3098 | D:3      | Learned a level 5 spell: Blade Hands
  3182 | D:3      | Noticed a sky beast
  3200 | D:3      | HP: 24/48 [something (2)]
  3226 | D:3      | Killed a sky beast
  3230 | D:3      | Gained mutation: Your flesh is cold resistant. (rC+) [mutagenic meat]
  3246 | D:3      | HP: 14/41 [rat (2)]
  3630 | D:3      | Reached XP level 6. HP: 33/47 MP: 8/13
  4020 | D:4      | Found an ancient bone altar of Kikubaaqudgha.
  4022 | D:4      | Found a blossoming altar of Fedhas.
  4109 | D:4      | Reached skill level 5 in Dodging
  4109 | D:4      | Reached skill level 5 in Transmutations
  4852 | D:4      | HP: 23/47 [orc/trident (7)]
  5392 | D:5      | Entered Level 5 of the Dungeon
  5491 | D:5      | Found a sparkling altar of Nemelex Xobeh.
  5529 | D:5      | Reached XP level 7. HP: 48/52 MP: 10/15
  5534 | D:5      | Noticed Ijyb
  5541 | D:5      | Killed Ijyb
  5541 | D:5      | Reached skill level 7 in Unarmed Combat
  5542 | D:5      | Found a staircase to the Ecumenical Temple.
  5562 | Temple   | Entered the Ecumenical Temple
  5720 | Temple   | Became a worshipper of Uskayaw the Reveler
  5762 | D:5      | Reached * piety under Uskayaw
  5771 | D:5      | Reached ** piety under Uskayaw
  5983 | D:5      | Noticed Grinder
  5995 | D:5      | HP: 31/62 [Grinder (5)]
  6000 | D:5      | HP: 27/62 [orc/short sword (5)]
  6000 | D:5      | Paralysed by Grinder for 3 turns
  6002 | D:5      | HP: 12/62 [orc/short sword (2)]
  6002 | D:5      | HP: 2/62 [Grinder (10)]
  6003 | D:5      | Slain by Grinder

Vault maps used:
D:1:      lemuel_arrival_behind_the_door_large
D:2:      serial_forest, infiniplex_forest_clump_curved,
          infiniplex_forest_end_double, infiniplex_forest_lined_1,
          infiniplex_forest_lined_2, infiniplex_forest_zigzag_1,
          infiniplex_forest_pool, chequers_ecumenical_altar_simple
D:3:      first_bread, minmay_tree_intersection
D:4:      grunt_temple_overflow_growth_and_decay,
          hangedman_abyss_or_decor_stabs, minivault_5, grunt_decor_cap,
          kennysheep_big_empty_room, abandoned_shop, minmay_misc_feat_roman
D:5:      kennysheep_mini, minmay_temple_entry_statues_fountains,
          kennysheep_boxes, uniq_grinder, uniq_ijyb
Temple:   regret_index_temple_waves

Skill      XL: |  1  2  3  4  5  6  7 |
---------------+----------------------+-----
Spellcasting   | 5 |  5.6
Short Blades   | 1 2 |  2.4
Long Blades    | 1 2 |  2.4
Axes           | 1 2 |  2.4
Maces & Flails | 1 2 |  2.4
Polearms       | 1 2 |  2.4
Staves         | 1 2 |  2.4
Slings         | 1 2 |  2.4
Bows           | 1 2 |  2.4
Crossbows      | 1 2 |  2.4
Throwing       | 1 2 |  2.4
Armour         | 1 2 |  2.4
Stealth        | 1 2 |  2.4
Shields        | 1 2 |  2.4
Conjurations   | 1 2 |  2.4
Hexes          | 1 2 |  2.4
Charms         | 1 2 |  2.4
Summonings     | 1 2 |  2.4
Necromancy     | 1 2 |  2.4
Translocations | 1 2 |  2.4
Fire Magic     | 1 2 |  2.4
Ice Magic      | 1 2 |  2.4
Air Magic      | 1 2 |  2.4
Earth Magic    | 1 2 |  2.4
Poison Magic   | 1 2 |  2.4
Invocations    | 1 2 |  2.4
Evocations     | 1 2 |  2.4
Fighting       | 3 |  3.5
Dodging        | 5 |  5.2
Transmutations | 5 |  5.2
Unarmed Combat | 7 |  7.0

Action                   |  1- 3 |  4- 6 |  7- 9 || total
-------------------------+-------+-------+-------++-------
Melee: Unarmed           |    97 |   163 |    41 ||   301
       Bite              |     7 |    13 |     2 ||    22
       Punch             |     6 |     5 |     1 ||    12
 Cast: Ice Form          |       |     3 |     1 ||     4
Invok: Line Pass         |       |       |     1 ||     1
  Use: Scroll            |     1 |    13 |       ||    14
       Potion            |     1 |       |       ||     1
 Stab: Sleeping          |     4 |     4 |       ||     8
  Eat: Chunk             |     4 |    11 |     3 ||    18
Armor: Robe              |     6 |     7 |     1 ||    14
       Skin              |       |       |     5 ||     5
Dodge: Dodged            |    56 |   114 |    27 ||   197

Table legend:
 A = Spawn XP
 B = Non-spawn XP
 C = Spawn XP percentage of total XP
 D = Spawn monster count
 E = Non-spawn monster count
 F = Spawn count percentage of total count
 G = Total turns spent on level
                    A         B        C        D         E        F      G
               +---------+---------+-------+---------+---------+-------+---------
         Total |       0 |     848 |   0.0 |       0 |      93 |   0.0 |  6003
               +---------+---------+-------+---------+---------+-------+---------
           D:1 |       0 |      53 |   0.0 |       0 |      22 |   0.0 |  1641
           D:2 |       0 |      68 |   0.0 |       0 |      18 |   0.0 |  1180
           D:3 |       0 |     251 |   0.0 |       0 |      23 |   0.0 |  1127
           D:4 |       0 |     218 |   0.0 |       0 |      14 |   0.0 |  1444
           D:5 |       0 |     258 |   0.0 |       0 |      16 |   0.0 |   436
               +---------+---------+-------+---------+---------+-------+---------

Vault maps used:
D:1:      lemuel_arrival_behind_the_door_large
D:2:      serial_forest, infiniplex_forest_clump_curved,
          infiniplex_forest_end_double, infiniplex_forest_lined_1,
          infiniplex_forest_lined_2, infiniplex_forest_zigzag_1,
          infiniplex_forest_pool, chequers_ecumenical_altar_simple
D:3:      first_bread, minmay_tree_intersection
D:4:      grunt_temple_overflow_growth_and_decay,
          hangedman_abyss_or_decor_stabs, minivault_5, grunt_decor_cap,
          kennysheep_big_empty_room, abandoned_shop, minmay_misc_feat_roman
D:5:      kennysheep_mini, minmay_temple_entry_statues_fountains,
          kennysheep_boxes, uniq_grinder, uniq_ijyb
Temple:   regret_index_temple_waves
